Map: Frozen Temple

Players

Izix

  • Race: Zerg Zerg
  • League: Diamond

Florencio - Winner!

  • Race: Protoss Protoss
  • League: Diamond

VOD

Have the link to the VOD?

Description

Time

  • Played on: Aug. 21, 2016, 5:53 p.m.
  • Length: 10:01
Show
View Real Time Build Order
Export as new Build Order

Izix Zerg 

Build Orders: Hatch First 

Get SALT Encoding   

  12  0:01  Drone  
  13  0:10  Drone  
  14  0:17  Overlord  
  14  0:25  Extractor, Drone  
  15  0:37  Drone x2  
  17  0:54  Hatchery  
  16  0:59  Drone  
  17  1:08  Extractor  
  16  1:14  Spawning Pool  
  16  1:17  Drone  
  16  1:35  Drone  
  17  1:40  Drone  
  17  1:45  Drone  
  19  1:48  Drone  
  20  2:01  Queen  
  20  2:07  Zergling x4  
  20  2:08  Queen  
  26  2:16  Zergling x2  
  26  2:19  Metabolic Boost  
  27  2:33  Drone  
  27  2:34  Overlord  
  28  2:54  Roach Warren  
  27  3:05  Drone x2  
  27  3:07  Extractor  
  27  3:10  Drone x3  
  32  3:12  Drone  
  32  3:15  Drone x3  
  35  3:20  Overlord  
  35  3:31  Drone  
  36  3:38  Queen  
  36  3:56  Roach x4  
  42  4:21  Drone x2  
  44  4:35  Hatchery  
  44  4:36  Drone  
  44  4:50  Pneumatized Carapace  
  44  4:53  Overlord x4  
  44  5:11  Drone  
  44  5:13  Drone x7  
  52  5:18  Lair  
  52  5:20  Spore Crawler  
  51  5:24  Spore Crawler  
  50  5:33  Drone  
  52  5:35  Drone x2  
  52  5:36  Drone x3  
  56  5:46  Overlord  
  56  5:56  Drone x2  
  58  5:58  Overlord  
  58  5:59  Queen  
  58  6:02  Spore Crawler  
  59  6:13  Roach x3, Drone  
  59  6:14  Drone x2  
  59  6:17  Overseer  
  68  6:23  Hatchery  
  67  6:26  Drone  
  67  6:30  Drone  
  67  6:31  Overlord x2  
  67  6:32  Drone x4  
  73  6:47  Drone  
  73  6:48  Drone x3  
  73  6:53  Extractor  
  73  6:54  Ravager  
  77  6:55  Extractor  
  59  7:02  Hydralisk Den  
  58  7:08  Spore Crawler  
  58  7:09  Queen x2  
  58  7:10  Spore Crawler  
  60  7:23  Evolution Chamber  
  59  7:33  Hydralisk x8  
  59  7:34  Hydralisk  
  59  7:35  Hydralisk  
  59  7:36  Hydralisk  
  81  7:56  Overlord  
  81  7:57  Hydralisk x2  
  85  8:02  Hatchery  
  56  8:30  Hydralisk  
  43  9:10  Hydralisk x3  
  43  9:11  Spawning Pool  
  45  9:22  Hatchery  
Show
View Real Time Build Order
Export as new Build Order

Florencio Protoss - Winner!

Build Orders:  

Get SALT Encoding   

  12  0:01  Probe (Chrono Boost)  
  13  0:11  Probe (Chrono Boost)  
  14  0:22  Probe (Chrono Boost)  
  15  0:29  Pylon  
  15  0:47  Probe (Chrono Boost)  
  15  0:48  Gateway  
  16  0:57  Probe (Chrono Boost)  
  16  0:59  Gateway  
  17  1:05  Assimilator  
  17  1:08  Probe (Chrono Boost)  
  18  1:11  Assimilator  
  18  1:18  Probe (Chrono Boost)  
  18  1:21  Pylon  
  19  1:41  Zealot  
  19  1:46  Zealot  
  23  1:49  Cybernetics Core  
  23  1:56  Probe (Chrono Boost)  
  24  2:06  Probe (Chrono Boost)  
  25  2:08  Forge  
  25  2:17  Probe (Chrono Boost)  
  26  2:26  Adept  
  26  2:27  Probe (Chrono Boost)  
  26  2:28  Adept  
  31  3:01  Pylon  
  31  3:13  Nexus  
  31  3:19  Mothership Core (Chrono Boost)  
  33  3:32  Photon Cannon  
  33  3:38  Probe (Chrono Boost)  
  35  3:48  Probe (Chrono Boost)  
  31  4:10  Stargate  
  31  4:12  Stargate  
  31  4:15  Probe (Chrono Boost), Stargate  
  28  4:26  Probe (Chrono Boost)  
  28  4:29  Assimilator  
  28  4:30  Assimilator  
  29  4:33  Photon Cannon  
  29  4:35  Pylon  
  29  4:36  Probe (Chrono Boost)  
  30  4:45  Probe (Chrono Boost)  
  31  4:47  Probe (Chrono Boost)  
  32  4:54  Oracle  
  32  4:56  Oracle  
  32  4:59  Oracle  
  41  5:13  Probe x2 (Chrono Boost)  
  43  5:25  Probe (Chrono Boost)  
  43  5:26  Probe (Chrono Boost)  
  45  5:37  Probe (Chrono Boost)  
  45  5:38  Photon Cannon, Oracle  
  49  5:50  Pylon  
  49  5:53  Oracle x2  
  55  6:13  Oracle  
  58  6:19  Photon Cannon  
  58  6:29  Oracle  
  58  6:30  Pylon  
  58  6:34  Oracle  
  64  6:49  Oracle  
  67  7:00  Oracle  
  67  7:07  Pylon  
  70  7:09  Oracle  
  70  7:11  Pylon  
  70  7:13  Pylon  
  73  7:25  Oracle  
  76  7:38  Oracle  
  79  7:51  Pylon  
  79  7:52  Zealot, Pylon  
  79  7:53  Zealot  
  83  7:59  Oracle  
  83  8:01  Oracle  
  89  8:17  Oracle  
  86  8:50  Void Ray  
  86  8:55  Void Ray x2  
  98  9:08  Zealot, Pylon  
  98  9:09  Zealot  
Tags
 
Add a new tag
Caveats
  • Supply blocks, unpowered buildings, or Contaminate may cause inaccurate times.
  • Supply counts are checked every 10 seconds.